 Dungeon Crawl Stone Soup version bcrawl-1.19.1 (webtiles) character file.

Game seed: 15732997772802975554

745 JackS81 the Skirmisher (level 7, -1/66 HPs)
             Began as a Hill Orc Reaver on Nov 22, 2019.
             Was a Believer of Vehumet.
             Slain by a sky beast (6 damage)
             ... on level 5 of the Dungeon on Nov 23, 2019.
             The game lasted 00:21:28 (4216 turns).

JackS81 the Skirmisher (Hill Orc Reaver)            Turns: 4216, Time: 00:21:29

Health: -1/66      AC:  7    Str: 14    XL:     7   Next: 76%
Magic:  11/11      EV: 10    Int: 14    God:    Vehumet [**....]
Gold:   287        SH:  8    Dex: 11    Spells: 9/12 levels left

rFire    + . .     SeeInvis .   s - +3 short sword
rCold    + . .     Gourm    .   C - +0 shield
rNeg     . . .     Faith    .   b - +0 steam dragon scales
rPois    .         Spirit   .   x - +0 helmet
rElec    .         Reflect  .   E - scarf {rC+ rF+}
rCorr    .         Harm     .   o - +0 pair of gloves
MR       .....                  (no boots)
Stlth    +.........             (no amulet)
HPRegen  0.21/turn              (no ring)
MPRegen  0.12/turn              (no ring)

@: no status effects
A: no striking features
a: Renounce Religion


You were on level 5 of the Dungeon.
You worshipped Vehumet.
Vehumet was pleased with you.
You were not hungry.

You visited 1 branch of the dungeon, and saw 5 of its levels.

You collected 287 gold pieces.

Inventory:

Hand Weapons
 a - a +0 trident
 s - a +3 short sword (weapon)
 z - a +0 shortbow
Missiles
 e - 1272 stones
 m - 460 sling bullets
 n - 163 poisoned needles
 q - 1011 arrows
 w - 36 javelins (quivered)
 B - 109 tomahawks
Armour
 b - +0 steam dragon scales (worn)
 i - a +0 cloak
 o - a +0 pair of gloves (worn)
 x - a +0 helmet (worn)
 C - a +0 shield (worn)
 E - a scarf of resistance (worn)
Scrolls
 d - 2 scrolls of immolation
 g - 2 scrolls of noise {unknown}
 h - 4 scrolls of remove curse {unknown}
 k - 7 scrolls of teleportation {unknown}
 u - 3 scrolls of amnesia {unknown}
 v - 2 scrolls of enchant armour {unknown}
 y - a scroll of fear {unknown}
Potions
 c - a potion of haste
 l - 2 potions of lignification
 r - a potion of magic
 t - 3 potions of agility
 A - a potion of curing
 F - a potion of might {unknown}
Comestibles
 f - 14 rations {!d}
 j - 6 chunks of flesh


   Skills:
 * Level 7.6 Fighting
   Level 7.6 Short Blades
   Level 7.6 Long Blades
   Level 7.6 Axes
   Level 7.6 Maces & Flails
   Level 7.6 Polearms
   Level 7.6 Staves
 - Level 3.0 Dodging
 * Level 2.0 Shields
   Level 7.6 Unarmed Combat
 - Level 3.0 Spellcasting
 - Level 2.1 Conjurations
 - Level 1.0 Poison Magic


You had 9 spell levels left.
You knew the following spells:

 Your Spells              Type           Power        Failure   Level  Hunger
a - Sting                 Conj/Pois      #...         16%         1    #......
b - Searing Ray           Conj           #.....       19%         2    ##.....

Your spell library contained the following spells:

 Spells                   Type           Power        Failure   Level  Hunger
 Iskenderun's Battlesphe  Conj/Chrm      #.......     99%         5    ######.


Dungeon Overview and Level Annotations

Branches:
Dungeon (5/12)
 Temple: D:4-7

Altars:
Dithmenos
Nemelex Xobeh
Qazlal

Shops:
D:4 =


Message History

The sky beast is severely wounded.
The sky beast hits you.
* * * LOW HITPOINT WARNING * * *
The sky beast shocks you.
* * * LOW HITPOINT WARNING * * *
You hit the sky beast.
The sky beast is almost dead.
The sky beast hits you.
* * * LOW HITPOINT WARNING * * *
The sky beast shocks you.
* * * LOW HITPOINT WARNING * * *
You barely miss the sky beast.
The sky beast is almost dead.
The sky beast hits you but does no damage.
You hit the sky beast.
The sky beast is almost dead.
The sky beast hits you.
* * * LOW HITPOINT WARNING * * *
The sky beast shocks you.
You die...

####...#####.###...#
#.#.....#.)))...#
#....##.#...)..##
#.##.##.#[#<##.##.#
#. #.##.#.#.......#
#. #......#.#######
#. ####.###.# #.
#.###.####
..#...Y@.#
##.######.# #.# .#
#.# .. #.# .## .# ##


You could see a sky beast.

Vanquished Creatures
  A hippogriff (D:4)
  A centaur (D:5)
  A scorpion (D:4)
  A howler monkey (D:5)
  2 crimson imps (D:4)
  3 orc priests
  A bullfrog skeleton (D:5)
  A worker ant (D:4)
  An orc wizard (D:3)
  Robin (D:3)
  4 adders
  An adder skeleton (D:3)
  A worm (D:2)
  A dart slug (D:1)
  6 leopard geckos
  10 orcs
  8 giant cockroaches
  16 goblins
  9 hobgoblins
  7 jackals (D:4)
  2 quokkas
  6 bats
  A frilled lizard (D:1)
  7 kobolds
  7 rats
99 creatures vanquished.

Notes
Turn   | Place    | Note
-------+----------+-------------------------------------------
     0 | D:1      | JackS81 the Hill Orc Reaver began the quest for the Orb.
     0 | D:1      | Reached XP level 1. HP: 22/22 MP: 3/3
    11 | D:1      | Reached skill level 5 in Fighting
   160 | D:1      | Reached XP level 2. HP: 29/29 MP: 5/5
   332 | D:1      | Reached XP level 3. HP: 36/36 MP: 6/6
   355 | D:1      | Reached * piety under Vehumet
   355 | D:1      | Offered knowledge of Sting by Vehumet.
   362 | D:1      | Learned a level 1 spell: Sting
  1471 | D:2      | Reached XP level 4. HP: 37/44 MP: 7/7
  1873 | D:3      | Offered knowledge of Searing Ray by Vehumet.
  1908 | D:3      | Reached ** piety under Vehumet
  1910 | D:3      | Noticed Robin
  1918 | D:3      | Killed Robin
  2294 | D:3      | Reached skill level 6 in Fighting
  2380 | D:3      | Reached XP level 5. HP: 41/50 MP: 6/8
  2404 | D:3      | Reached skill level 1 in Conjurations
  2494 | D:3      | Reached skill level 1 in Poison Magic
  2874 | D:4      | Learned a level 2 spell: Searing Ray
  2878 | D:4      | Found a sparkling altar of Nemelex Xobeh.
  2878 | D:4      | Found a stormy altar of Qazlal.
  2921 | D:4      | Reached XP level 6. HP: 24/58 MP: 4/9
  3391 | D:4      | Found Zeroalaora's Jewellery Shoppe.
  3417 | D:4      | Found a shadowy altar of Dithmenos.
  3485 | D:4      | Noticed a hippogriff
  3551 | D:4      | Killed a hippogriff
  3551 | D:4      | Reached skill level 7 in Fighting
  3551 | D:4      | Reached skill level 1 in Shields
  3551 | D:4      | Reached XP level 7. HP: 66/66 MP: 11/11
  3714 | D:5      | Entered Level 5 of the Dungeon
  4216 | D:5      | Slain by a sky beast

Skill      XL: |  1  2  3  4  5  6  7 |
---------------+----------------------+-----
Fighting       | 5 6 7 |  7.6
Conjurations   | 1 2 |  2.1
Poison Magic   | 1 |  1.0
Dodging        | 3 |  3.0
Shields        | 1 2 |  2.0
Spellcasting   | 3 |  3.0
Short Blades   | |  7.6
Long Blades    | |  7.6
Axes           | |  7.6
Maces & Flails | |  7.6
Polearms       | |  7.6
Staves         | |  7.6
Unarmed Combat | |  7.6

Action                   |  1- 3 |  4- 6 |  7- 9 || total
-------------------------+-------+-------+-------++-------
Melee: Trident           |    88 |       |       ||    88
       Punch             |     1 |     2 |       ||     3
       Short sword       |    22 |   183 |    47 ||   252
Throw: Stone             |     1 |       |       ||     1
       Javelin           |       |    40 |     3 ||    43
 Cast: Sting             |    12 |    14 |       ||    26
       Searing Ray       |       |     3 |       ||     3
  Use: Scroll            |       |     6 |       ||     6
       Potion            |       |     1 |     2 ||     3
  Eat: Chunk             |     2 |     7 |     2 ||    11
Armor: Steam dragon scal |    34 |    46 |    13 ||    93
       Skin              |       |    22 |       ||    22
Dodge: Dodged            |    55 |    68 |    15 ||   138
Block: Shield            |       |     6 |     8 ||    14
